 Dungeon Crawl Stone Soup version 0.14-a0-759-g26e2352 (webtiles) character file.

1388 PolkaDot the Martial Artist (level 8, -8/57 (58) HPs)
             Began as a Vampire Monk on Nov 8, 2013.
             Killed by divine providence
             ... invoked by an orc priest
              (11 damage)
             ... on Level 6 of the Dungeon.
             The game lasted 00:21:25 (4150 turns).

PolkaDot the Martial Artist (Vampire Monk)          Turns: 4150, Time: 00:21:26

HP  -8/57 (58)   AC  4     Str 10      XL: 8   Next:  8%
MP   9/9         EV 16     Int 12      God:
Gold 313         SH  0     Dex 18      Spells:  0 memorised,  7 levels left

Res.Fire  : . . .   See Invis. : +     - Unarmed
Res.Cold  : . . .   Warding    : .   a - +0 robe
Life Prot.: . . .   Conserve   : .   (no shield)
Res.Poison: .       Res.Corr.  : .   j - +1 wizard hat
Res.Elec. : .       Clarity    : .   (no cloak)
Sust.Abil.: . .     Spirit.Shd : .   (no gloves)
Res.Mut.  : .       Stasis     : .   f - +0 pair of boots
Res.Rott. : .       Flight     : .   (no amulet)
Saprovore : . . .                    (no ring)
                                     b - cursed ring of teleport control

@: regenerating quickly, somewhat resistant to hostile enchantments, stealthy
A: bottle blood, fangs 3, see invisible, unbreathing
a: Bottle Blood, Evoke Teleport Control


You were on level 6 of the Dungeon.
You were very full.

You visited 1 branch of the dungeon, and saw 6 of its levels.

You collected 313 gold pieces.

Inventory:

Armour
 a - a +0 robe (worn)
 f - a +0 pair of boots (worn)
 j - a +1 wizard hat (worn)
Magical devices
 e - a wand of random effects (11) {unknown}
 i - a wand of lightning (3) {unknown}
Scrolls
 g - 2 scrolls of identify
 k - a scroll of amnesia
Jewellery
 b - a cursed ring of teleport control (left hand)
Potions
 c - 8 potions of blood
 d - a potion of curing
 m - a potion of brilliance


   Skills:
 - Level 3.8 Fighting
 * Level 5.4 Dodging
 - Level 3.0 Stealth
 + Level 9.7 Unarmed Combat
 + Level 1.3 Evocations


You had 7 spell levels left.
You didn't know any spells.

Dungeon Overview and Level Annotations

Branches:
Dungeon (6/27)
 Temple: D:4-7          Orc: D:6-11

Altars:
Ashenzari
Fedhas
Kikubaaqudgha
Nemelex Xobeh
Xom

Annotations:
D:6 Edmund


Innate Abilities, Weirdness & Mutations

Your natural rate of healing is unusually fast.
You can bottle blood from corpses.
You have razor-sharp teeth.*
You have supernaturally acute eyesight.
You can survive without breathing.*


Message History

The orc priest is moderately wounded.
The orc priest invokes the aid of Beogh against you.
Something smites you!
The orc warrior hits you from afar with an orcish glaive!
* * * LOW HITPOINT WARNING * * *
Read which item? (? for menu, Esc to quit)
Okay, then.
You punch the orc priest!
The orc priest is almost dead.
You hit the orc priest but do no damage.
The orc priest is almost dead.
The orc priest hits you with an orcish trident.
* * * LOW HITPOINT WARNING * * *
The orc warrior misses you.
You completely miss the orc priest.
You bite the orc priest, but do no damage.
The orc priest is almost dead.
The orc priest calls down the wrath of Beogh upon you.
Something smites you!
You die...

#### ...##################
..............o...).#
......#############o# ......#
#.######### ......#
#o#......... .....o#
#.#.........#
......#############.#.........#
........%......o@.oo..........#
......#############......#....#
...#### #####..(...#....###
....... ......?.............
..##... #####.......)...###
#.##.... #.(............
........ .................
#.##.... #................ .#
#..........###...


You could see an orc warrior, an orc priest and an orc wizard (invisible).

Vanquished Creatures
  Eustachio (D:6)
  2 centaurs
  An ogre (D:4)
  Blork the orc (D:6)
  2 crimson imps
  A scorpion (D:5)
  An orc priest (D:4)
  4 hounds
  2 iguanas (D:6)
  A worker ant (D:4)
  2 orc wizards
  The ghost of timbw the Chopper, a weakling DjGl (D:3)
  4 gnolls (D:4)
  7 adders
  3 worms
  A giant mite (D:5)
  An adder zombie (D:5)
  4 giant geckos
  An ooze (D:3)
  10 orcs
  A bat skeleton (D:4)
  8 goblins
  10 hobgoblins
  4 jackals (D:1)
  10 kobolds
  2 quokkas
  13 bats
  4 giant cockroaches
  3 giant newts
  A goblin skeleton (D:4)
  A hobgoblin skeleton (D:6)
  A hobgoblin zombie (D:6)
  A quokka zombie (D:5)
  18 rats
127 creatures vanquished.

Notes
Turn   | Place    | Note
--------------------------------------------------------------
     0 | D:1      | PolkaDot, the Vampire Monk, began the quest for the Orb.
     0 | D:1      | Reached XP level 1. HP: 16/16 MP: 1/1
   126 | D:1      | Reached XP level 2. HP: 20/22 MP: 2/2
   128 | D:1      | Reached skill level 5 in Unarmed Combat
   365 | D:2      | Reached XP level 3. HP: 6/27 MP: 3/3
  1067 | D:3      | Noticed timbw's ghost (weakling DjGl)
  1092 | D:2      | Reached skill level 6 in Unarmed Combat
  1260 | D:3      | Reached XP level 4. HP: 34/34 MP: 4/4
  1431 | D:2      | Found a blossoming altar of Fedhas.
  1770 | D:3      | Found a sparkling altar of Nemelex Xobeh.
  1813 | D:4      | Found an ancient bone altar of Kikubaaqudgha.
  1884 | D:3      | Reached XP level 5. HP: 34/39 MP: 5/5
  1892 | D:4      | Reached skill level 7 in Unarmed Combat
  2150 | D:3      | Killed timbw's ghost
  2411 | D:4      | Noticed an ogre
  2419 | D:4      | Killed an ogre
  2419 | D:4      | Reached skill level 8 in Unarmed Combat
  2419 | D:4      | Reached XP level 6. HP: 44/44 MP: 6/6
  2541 | D:5      | Entered Level 5 of the Dungeon
  2603 | D:4      | Identified a scroll of acquirement
  2861 | D:4      | Noticed a centaur
  2872 | D:4      | Killed a centaur
  3194 | D:6      | Reached XP level 7. HP: 36/50 MP: 7/7
  3462 | D:6      | Noticed Eustachio
  3492 | D:6      | Killed Eustachio
  3492 | D:6      | Reached skill level 9 in Unarmed Combat
  3498 | D:6      | Found a shattered altar of Ashenzari.
  3574 | D:6      | Found a shimmering altar of Xom.
  3609 | D:6      | Noticed Edmund
  3892 | D:5      | Reached skill level 5 in Dodging
  4022 | D:6      | Noticed Blork the orc
  4046 | D:6      | Killed Blork the orc
  4046 | D:6      | Reached skill level 1 in Evocations
  4046 | D:6      | Reached XP level 8. HP: 45/57 MP: 7/9
  4150 | D:6      | Killed from afar by an orc priest

Action                   |  1- 3 |  4- 6 |  7- 9 || total
-------------------------+-------+-------+-------++-------
Melee: Unarmed           |   137 |   180 |   157 ||   474
 Abil: Bottle Blood      |       |    16 |     6 ||    22
  Use: Potion            |     1 |    15 |     5 ||    21
       Scroll            |       |     9 |     2 ||    11
 Stab: Sleeping          |     5 |     6 |       ||    11
